 Dungeon Crawl Stone Soup version 0.25-a0-566-g062765be81 (webtiles) character file.

Game seed: 7969090445917349462, levelgen mode: deterministic

4 Flugslaktarn the Shield-Bearer (level 1, 0/20 HPs)
             Began as a Deep Dwarf Fighter on Feb 28, 2020.
             Slain by Terence
             ... wielding a +0 short sword of electrocution
              (15 damage)
             ... on level 3 of the Dungeon.
             The game lasted 00:00:06 (127 turns).

Flugslaktarn the Shield-Bearer (Deep Dwarf Fighter)  Turns: 127, Time: 00:00:07

Health: 0/20       AC:  6    Str: 19    XL:     1   Next: 50%
Magic:  0/0        EV:  7    Int:  8    God:
Gold:   6          SH:  9    Dex: 12    Spells: 0/0 levels left

rFire    . . .     SeeInvis .   a - +0 war axe
rCold    . . .     Gourm    .   c - +0 kite shield
rNeg     . . .     Faith    .   b - +0 scale mail
rPois    .         Spirit   .   (no helmet)
rElec    .         Reflect  .   (no cloak)
rCorr    .         Harm     .   (no gloves)
MR       .....                  (no boots)
Stlth    ..........             (no amulet)
HPRegen  0.00/turn              (no ring)
MPRegen  0.07/turn              (no ring)

@: non-regenerating
A: damage resistance, heal wounds, sense surroundings 1, no regeneration
a: Heal Wounds


You were on level 3 of the Dungeon.
You were not hungry.

You visited 1 branch of the dungeon, and saw 3 of its levels.

You collected 6 gold pieces.

Inventory:

Hand Weapons
 a - a +0 war axe (weapon)
Armour
 b - a +0 scale mail (worn)
 c - a +0 kite shield (worn)
Potions
 d - a potion of might
Comestibles
 e - a ration
 f - 2 chunks of flesh


   Skills:
 + Level 2.7 Fighting
 * Level 2.3 Axes
 + Level 3.3 Armour
 + Level 3.3 Shields


You couldn't memorise any spells.
You didn't know any spells.
Your spell library was empty.

Dungeon Overview and Level Annotations

Branches:
Dungeon (3/15)

Altars:
Ashenzari

Annotations:
D:3 Sigmund, Terence


Innate Abilities, Weirdness & Mutations

You are resistant to damage.
You can heal yourself by infusing magical energy.
You passively map a small area around you.
You do not regenerate.


Message History

You are too injured to fight recklessly!
You are too injured to fight recklessly!
You are too injured to fight recklessly!
You are too injured to fight recklessly!
You are too injured to fight recklessly!
You are too injured to fight recklessly!
You are too injured to fight recklessly!
You are too injured to fight recklessly!
You are too injured to fight recklessly!
You are too injured to fight recklessly!
You are too injured to fight recklessly!
You are too injured to fight recklessly!
Your magical essence is drained by the effort!
You feel much better. You block Terence's attack. Something hits you.
You barely miss Terence.
Terence is almost dead.
You block Terence's attack. Something hits you.
Terence hits you but does no damage.
You are electrocuted!
Ouch! That really hurt!
You die...

, , ## , #.. ,, #.. *
#%# * #.#* , #.# * *
#.# * #.# # #.# * * #.#
*##.# #.#
#.###.###..... , #.#
#..@@.{..$##.# #.#
#######......... #<#
#.......######.# #.#
#.#####.######.*
##.####)##...........*
#.#........##รท######.*
##.####.#####.# * ###
#.# #.# * #.. ,..#


You could see Terence.

Vanquished Creatures
  2 bats (D:3)
  A giant cockroach (D:1)
  A kobold (D:3)
4 creatures vanquished.

Notes
Turn   | Place    | Note
-------+----------+-------------------------------------------
     0 | D:1      | Flugslaktarn the Deep Dwarf Fighter began the quest for the
                  | Orb.
     0 | D:1      | Reached XP level 1. HP: 20/20 MP: 1/1
    69 | D:2      | Found a shattered altar of Ashenzari.
   117 | D:3      | Noticed Terence
   117 | D:3      | Noticed Sigmund
   127 | D:3      | Slain by Terence

Levels and vault maps discovered:
D:1:      dpeg_arrival_radiant, layout_basic, minmay_crystal_water
D:2:      layout_basic, minitemple, serial_bayou_lagoon_a, ashenzari_altar_1
D:3:      layout_loops_ring, chequers_ecumenical_altar_island,
          gup_sewer_entry_spiral, uniq_terence, uniq_natasha, uniq_jessica,
          uniq_sigmund

Action                   || total
-------------------------++-------
Melee: War axe           ||    16
 Abil: Heal Wounds       ||     1
Armor: Scale mail        ||     6
Dodge: Dodged            ||     4
Block: Kite shield       ||    10

Table legend:
 A = Non-vault XP
 B = Vault XP
 C = Vault XP percentage of total XP
 D = Non-vault monster count
 E = Vault monster count
 F = Vault count percentage of total count
                 A         B        C        D         E       F
            +---------+---------+-------+---------+---------+-------
      Total |       6 |       0 |   0.0 |       4 |       0 |   0.0
            +---------+---------+-------+---------+---------+-------
        D:1 |       2 |       0 |   0.0 |       1 |       0 |   0.0
        D:3 |       4 |       0 |   0.0 |       3 |       0 |   0.0
            +---------+---------+-------+---------+---------+-------
